 Dungeon Crawl Stone Soup version 0.31-a0-858-g469dc525a8 (webtiles) character file.

Game seed: 9493088885587924414

88 BinkBink the Shield-Bearer (level 4, -2/37 HPs)
             Began as a Formicid Fighter on Oct 9, 2023.
             Killed by divine providence
             ... invoked by an orc priest
              (11 damage)
             ... on level 3 of the Dungeon.
             The game lasted 00:02:27 (2104 turns).

BinkBink the Shield-Bearer (Formicid Fighter)       Turns: 2104, Time: 00:02:27

Health: -2/37      AC:  9    Str: 23    XL:     4   Next: 82%
Magic:  4/4        EV:  8    Int:  7    God:
Gold:   68         SH: 10    Dex: 19    Spells: 3/3 levels left

rFire   . . .        q - +2 war axe (flame)
rCold   . . .        v - +0 kite shield
rNeg    + . .        b - +0 scale mail
rPois   .            (helmet unavailable)
rElec   .            c - +0 cloak
rCorr   .            (no gloves)
SInv    +            e - +0 pair of boots
Will    .....        (no amulet) Stlth
                     n - +6 ring of dexterity
HPRegen 0.26/turn    r - ring of positive energy
MPRegen 0.09/turn

%: no passive effects
@: no status effects
A: permanent stasis, dig shafts and tunnels, antennae 3, four strong arms
a: Dig, Shaft Self


You were on level 3 of the Dungeon.
You visited 1 branch of the dungeon, and saw 3 of its levels.

You collected 68 gold pieces.

Inventory:

Hand Weapons
 q - a +2 war axe of flaming (weapon)
Armour
 b - a +0 scale mail (worn)
 c - a +0 cloak (worn)
 e - a +0 pair of boots (worn)
 v - a +0 kite shield (worn)
Jewellery
 n - a +6 ring of dexterity (left hand)
 r - a ring of positive energy (right hand)
Wands
 k - a wand of quicksilver (12)
Scrolls
 a - a scroll of teleportation {unknown}
 f - a scroll of identify {unknown}
 h - a scroll of enchant weapon {unknown}
 i - a scroll of fear {unknown}
 j - a scroll of vulnerability {unknown}
 l - 2 scrolls of enchant armour {unknown}
 m - 3 scrolls of revelation {unknown}
 p - 2 scrolls of blinking {unknown}
Potions
 d - a potion of might
 o - a potion of lignification {unknown}
 s - a potion of mutation {unknown}
 t - a potion of resistance {unknown}
 u - a potion of cancellation {unknown}


   Skills:
 + Level 4.0 Fighting
 + Level 2.9 Axes
 + Level 4.0 Armour
 + Level 4.8 Shields


You had 3 spell levels left.
You didn't know any spells.
Your spell library was empty.

Dungeon Overview and Level Annotations

Branches:
Dungeon (3/15)

Altars:
Uskayaw

Shops:
D:1 *(

Annotations:
D:2 1 runed translucent door, Crazy Yiuf
D:3 3 runed translucent doors, BinkBink's ghost, amateur SpHu


Innate Abilities, Weirdness & Mutations

You cannot be hasted, slowed, berserked, paralysed or teleported.
You can dig through walls and to a lower floor.
You have a pair of large antennae on your head. (SInv)
Your four strong arms can wield two-handed weapons with a shield.


Message History

You hit the orc priest. You burn the orc priest.
The orc priest is moderately wounded.
An orc priest comes into view. It is wielding a +0 club.
The orc priest hits you with a +0 club.
You hit the orc priest. You burn the orc priest.
The orc priest is almost dead.
You slash the orc! You burn the orc.
You kill the orc!
The orc priest hits you with a +0 club.
The orc priest hits you but does no damage.
You hit the orc priest but do no damage.
The orc priest is almost dead.
The orc priest casts a cantrip, but nothing happens.
The orc priest mumbles some strange prayers to Beogh against you.
Beogh smites you!
You hit the orc priest but do no damage.
The orc priest is almost dead.
The orc priest calls down the wrath of Beogh upon you.
Pain shoots through your body! You block the orc priest's attack.
The orc priest calls down the wrath of Beogh upon you.
Pain shoots through your body!
You are too injured to fight recklessly!
You are too injured to fight recklessly!
You completely miss the orc priest.
The orc priest is almost dead.
The orc priest hits you but does no damage.
You hit the orc priest. You burn the orc priest.
The orc priest is almost dead.
The orc priest barely misses you.
The orc priest hits you but does no damage.
You closely miss the orc priest.
The orc priest is almost dead.
You barely miss the orc priest. You block the orc priest's attack.
The orc priest mumbles some strange prayers to Beogh against you.
Beogh smites you!
* * * LOW HITPOINT WARNING * * *
It was a potion of curing.
You feel better.
The orc priest mumbles some strange prayers to Beogh against you.
Beogh smites you!
You die...

#.....#####.#
...........#...#..##...#
...........######.##...#
...........# #.##...'
...........######.##...#
................#.....<#
................####...#
......oo........# #...#
.......@).......# #...#
.?........(.....####...#
.....................###
###########.....####.###
#.....#......#
#>....#.###### ####..#.#
# ...#.######
.#..#.##.)..


You could see 2 orc priests.

Vanquished Creatures
  A gnoll (D:1)
  An adder (D:2)
  2 worms
  A dart slug (D:1)
  3 orcs
  5 endoplasms
  A giant cockroach (D:1)
  9 goblins
  5 hobgoblins
  4 jackals (D:1)
  A quokka (D:2)
  4 ball pythons
  4 bats
  5 kobolds
  8 rats
54 creatures vanquished.

Notes
Turn   | Place    | Note
-------+----------+-------------------------------------------
     0 | D:1      | BinkBink the Formicid Fighter began the quest for the Orb.
     0 | D:1      | Reached XP level 1. HP: 18/18 MP: 1/1
   144 | D:1      | Found Coibloisk's General Store.
   173 | D:1      | Found Siypef's Weapon Boutique.
   181 | D:1      | Reached XP level 2. HP: 24/24 MP: 2/2
   530 | D:1      | Reached XP level 3. HP: 29/29 MP: 3/3
   577 | D:1      | Found Xyrui's Distillery.
   769 | D:2      | Reached XP level 4. HP: 37/37 MP: 4/4
   950 | D:2      | Found a runed translucent door.
   951 | D:2      | Noticed Crazy Yiuf
  1577 | D:3      | Found a hide-covered altar of Uskayaw.
  2026 | D:3      | Found a runed translucent gate.
  2026 | D:3      | Found a runed translucent gate.
  2026 | D:3      | Found a runed translucent gate.
  2028 | D:3      | Noticed BinkBink's ghost (amateur SpHu)
  2103 | D:3      | HP: 1/37 [orc priest/divine providence (13)]
  2104 | D:3      | Killed from afar by an orc priest

Illustrated notes

Levels and vault maps discovered:
D:1:      onia_arrival_mini_spirals, layout_basic, serial_shops, shop,
          nicolae_shop_bloodbath_and_beyond, nicolae_shop_tiny_real_fake_doors
D:2:      layout_basic, uniq_crazy_yiuf_cottage
D:3:      layout_basic, eat_drink_and_be_merry_uskayaw,
          gammafunk_ghost_necromancy, kennysheep_generic_room_10

Skill      XL: |  1  2  3  4 |
---------------+-------------+-----
Fighting       | 4 |  4.0
Armour         | 4 |  4.0
Axes           | |  2.9
Shields        | |  4.8

Action                     |  1- 3 |  4- 6 || total
---------------------------+-------+-------++-------
  Melee: War axe           |    67 |    70 ||   137
    Use: Potion            |       |     1 ||     1
 Armour: Scale mail        |    37 |    48 ||    85
  Dodge: Dodged            |    31 |    20 ||    51
  Block: Buckler           |    18 |    13 ||    31
         Kite shield       |       |     4 ||     4

Table legend: (Time is in decaauts)
 A = Elapsed time spent in this place.
 B = Non-inter-level travel time spent in this place.
 C = Inter-level travel time spent in this place.
 D = Time resting spent in this place.
 E = Time spent auto-exploring this place.
 F = Levels seen in this place.
 G = Mean time per level.
                   A        B        C        D        E       F      G
               +--------+--------+--------+--------+--------+-----+--------+
         Total |   2158 |   1961 |    197 |      0 |   1542 |   3 |  719.3 |
       Dungeon |   2158 |   1961 |    197 |      0 |   1542 |   3 |  719.3 |
               +--------+--------+--------+--------+--------+-----+--------+

Top non-repeatable levels by time:
     D:2: 873 daAuts
     D:1: 740 daAuts
     D:3: 544 daAuts
